 Dungeon Crawl Stone Soup version 0.28-a0-1616-g050a50673c (webtiles) character file.

Game seed: 7154723126348569809

3718 Pin the Cleaver (level 10, -9/90 HPs)
             Began as a Hill Orc Fighter on Jan 22, 2022.
             Was a Priest of Qazlal.
             Killed from afar by a gargoyle (12 damage)
             ... with a stone arrow
             ... on level 8 of the Dungeon.
             The game lasted 00:17:18 (9941 turns).

Pin the Cleaver (Hill Orc Fighter)                  Turns: 9941, Time: 00:17:18

Health: -9/90      AC: 15    Str: 30    XL:     10   Next: 14%
Magic:  15/15      EV:  7    Int:  8    God:    Qazlal [***...]
Gold:   1172       SH:  9    Dex: 10    Spells: 9/9 levels left

rFire   . . .      SeeInvis .   s - +1 war axe
rCold   . . .      Faith    .   c - +0 buckler
rNeg    . . .      Spirit   .   k - +0 plate armour
rPois   .          Reflect  .   l - +1 helmet
rElec   .          Harm     .   (no cloak)
rCorr   .          Rampage  .   (no gloves)
Will    +....                   (no boots)
Stlth   ..........              (no amulet)
HPRegen 0.25/turn               u - ring of willpower
MPRegen 0.14/turn               o - +6 ring of strength

@: no status effects
A: no striking features
a: Renounce Religion, Upheaval, Elemental Force


You were on level 8 of the Dungeon.
You worshipped Qazlal.
Qazlal was most pleased with you.
You visited 2 branches of the dungeon, and saw 9 of its levels.

You collected 1172 gold pieces.

Inventory:

Hand Weapons
 s - a +1 war axe (weapon)
Armour
 c - a +0 buckler (worn)
 k - a +0 plate armour (worn)
 l - a +1 helmet (worn)
Jewellery
 o - a +6 ring of strength (right hand)
 u - a ring of willpower (left hand)
Wands
 t - a wand of mindburst (21)
Scrolls
 f - 4 scrolls of teleportation
 g - a scroll of identify
 i - a scroll of fog
 j - a scroll of blinking {unknown}
 m - 3 scrolls of amnesia
 w - a scroll of fear
Potions
 a - a potion of mutation {unknown}
 b - 3 potions of lignification
 d - 3 potions of might
 e - 5 potions of curing
 h - 4 potions of heal wounds
 n - 2 potions of haste
 p - a potion of resistance
 q - a potion of brilliance
 r - a potion of invisibility
 v - a potion of cancellation {unknown}


   Skills:
 + Level 8.7 Fighting
 + Level 9.0 Axes
 + Level 7.9 Armour
 + Level 8.0 Shields
 + Level 7.0 Invocations


You had 9 spell levels left.
You didn't know any spells.
Your spell library was empty.

Dungeon Overview and Level Annotations

Branches:
Dungeon (8/15)             Temple (1/1) D:4
   Lair: D:8-11

Altars:
Dithmenos
Fedhas
Gozag
Hepliaklqana
Kikubaaqudgha
Nemelex Xobeh
Okawaru
Qazlal
Ru
Trog
Uskayaw
Vehumet
Wu Jian
Xom
Yredelemnul
The Shining One

Shops:
D:1 (   D:4 *


Message History

Qazlal accepts your kill.
You slash the orc!
You kill the orc!
Qazlal accepts your kill.
You hit the gargoyle but do no damage. You block the gargoyle's attack.
You slash the gargoyle!
The gargoyle is moderately damaged.
You block the gargoyle's attack.
You slash the gargoyle!
The gargoyle is heavily damaged.
The gargoyle hurls a stone arrow at you.
The stone arrow misses you.
You hit the gargoyle but do no damage.
The gargoyle is heavily damaged.
The gargoyle hits you with a +0 mace.
You hit the gargoyle but do no damage.
The gargoyle is heavily damaged.
The gargoyle hits you but does no damage.
You barely miss the gargoyle.
The gargoyle is heavily damaged.
The gargoyle hurls a stone arrow at you.
The stone arrow hits you but does no damage.
You hit the gargoyle but do no damage.
The gargoyle is heavily damaged.
The gargoyle hits you with a +0 mace!
You hit the gargoyle.
The gargoyle is severely damaged.
An orc comes into view. It is wielding a +0 hand axe.
The gargoyle hits you with a +0 mace!
* * * LOW HITPOINT WARNING * * *
You barely miss the gargoyle.
The gargoyle is severely damaged.
The gargoyle hits you with a +0 mace!
* * * LOW HITPOINT WARNING * * *
The gargoyle hurls a stone arrow at you.
The stone arrow hits you!
* * * LOW HITPOINT WARNING * * *
The gargoyle hurls a stone arrow at you.
The stone arrow hits you!
You die...

#.# #.# #......#####. ##
#.#####.# #.####.#####.
...#..##.......# #.##......##.
#...)...#.##.# #.##.#.......
#...####)o#....###.##.#.......
# #....°9...................
..# #.###)#....########.......
..# # #...○.○...# #....... ..#
#.##....○@...# #....... ..#
#.......)....#### #.^.....
..######..###....#.....#
#.###### .......#.#
##..)#.....# #.# ........#
#.........# #.# .......#
#.)##))...# #.# ..#.####
#...##))...# #.# ..#.#
#.####.###### #.## ..#<# #..
#.#.## #..#


You could see a gargoyle and an orc.

Vanquished Creatures
  Sigmund (D:2)
  A steam dragon (D:7)
  A yak (D:8)
  Edmund (D:6)
  A water moccasin (D:7)
  2 ice beasts
  2 black bears
  2 sky beasts
  2 necrophages
  6 centaurs
  A phantom (D:6)
  3 kobold brigands
  A bullfrog (D:7)
  6 scorpions
  A water moccasin zombie (D:5)
  4 wights (D:7)
  3 howler monkeys (D:8)
  A centaur zombie (D:7)
  2 hounds
  3 jellies
  3 orc priests
  A gnoll shaman (D:8)
  Natasha (thrice) (D:2)
  An iguana (D:5)
  5 orc wizards
  A killer bee zombie (D:7)
  2 howler monkey zombies
  Robin (D:3)
  A howler monkey skeleton (D:3)
  11 gnolls
  A shadow imp (D:7)
  A white imp (D:8)
  A worm (D:4)
  3 dart slugs
  27 orcs
  8 ball pythons
  13 endoplasms
  A giant cockroach (D:4)
  13 goblins
  4 hobgoblins (D:3)
  4 jackals (D:5)
  28 kobolds
  6 quokkas
  3 bats
  4 frilled lizards (D:1)
  A rat (D:1)
191 creatures vanquished.

Vanquished Creatures (others)
  2 fungi (D:3)
  10 toadstools (D:3)
12 creatures vanquished.

Grand Total: 203 creatures vanquished

Notes
Turn   | Place    | Note
-------+----------+-------------------------------------------
     0 | D:1      | Pin the Hill Orc Fighter began the quest for the Orb.
     0 | D:1      | Reached XP level 1. HP: 19/19 MP: 1/1
   113 | D:1      | Reached XP level 2. HP: 27/27 MP: 2/2
   115 | D:1      | Reached skill level 3 in Axes
   449 | D:1      | Reached XP level 3. HP: 33/33 MP: 3/3
   548 | D:1      | Found Tulafing's Weapon Boutique.
   556 | D:1      | Found a faded altar of an unknown god.
   810 | D:2      | Noticed Sigmund
   849 | D:2      | Found an ornate altar of the Wu Jian Council.
  1033 | D:2      | Noticed Natasha
  1041 | D:2      | Killed Natasha
  1425 | D:2      | Noticed Natasha
  1431 | D:2      | Killed Natasha
  1432 | D:2      | Reached XP level 4. HP: 22/41 MP: 4/4
  1825 | D:2      | Killed Sigmund
  1826 | D:2      | Reached skill level 5 in Fighting
  1826 | D:2      | Reached skill level 4 in Axes
  1826 | D:2      | Reached XP level 5. HP: 31/48 MP: 5/5
  2156 | D:2      | Noticed Natasha
  2171 | D:2      | Killed Natasha
  2172 | D:2      | Reached XP level 6. HP: 47/56 MP: 6/6
  2390 | D:3      | Found a basalt altar of Yredelemnul.
  2477 | D:3      | Noticed Robin
  2498 | D:3      | Killed Robin
  2779 | D:3      | Found a shadowy altar of Dithmenos.
  2865 | D:3      | Reached skill level 5 in Axes
  3320 | D:4      | Found a staircase to the Ecumenical Temple.
  3365 | D:4      | Noticed a black bear
  3391 | D:3      | Killed a black bear
  3392 | D:3      | Reached skill level 5 in Armour
  3392 | D:3      | Reached skill level 5 in Shields
  3392 | D:3      | Reached XP level 7. HP: 16/62 MP: 7/7
  4444 | Temple   | Entered the Ecumenical Temple
  4759 | Temple   | Became a worshipper of Qazlal Stormbringer
  4793 | D:4      | Identified the +8 hunting sling of Articulation {flame,
                  | +Blink rElec Str-4 Int+7}
  4941 | D:4      | Found Pod Liff's General Store.
  5140 | D:4      | Reached skill level 1 in Invocations
  5215 | D:4      | Found a sparkling altar of Nemelex Xobeh.
  5251 | D:5      | Entered Level 5 of the Dungeon
  5533 | D:5      | Reached skill level 6 in Axes
  5533 | D:5      | Reached XP level 8. HP: 50/71 MP: 9/9
  5882 | D:5      | Found a glowing golden altar of the Shining One.
  5923 | D:5      | Reached * piety under Qazlal
  6063 | D:5      | Found a radiant altar of Vehumet.
  6735 | D:6      | Reached skill level 7 in Axes
  6873 | D:6      | Found a sacrificial altar of Ru.
  6922 | D:6      | Reached XP level 9. HP: 65/79 MP: 12/12
  7050 | D:6      | Noticed Edmund
  7066 | D:6      | Killed Edmund
  7775 | D:6      | Reached skill level 5 in Invocations
  8043 | D:7      | Identified a scroll of acquirement
  8043 | D:7      | Acquired 741 gold pieces
  8070 | D:7      | Reached ** piety under Qazlal
  8306 | D:7      | Reached skill level 8 in Axes
  9584 | D:8      | Reached XP level 10. HP: 88/90 MP: 14/14
  9776 | D:8      | Found an opulent altar of Gozag.
  9895 | D:8      | Reached skill level 9 in Axes
  9901 | D:8      | Reached *** piety under Qazlal
  9922 | D:8      | Noticed a gargoyle
  9935 | D:8      | HP: 1/90 [gargoyle/stone arrow (13)]
  9941 | D:8      | Killed from afar by a gargoyle

Illustrated notes

Levels and vault maps discovered:
D:1:      nicolae_arrival_memento_mori, layout_loops_ring,
          basic_ecumenical_altar, serial_shops, nicolae_shop_behind_doors,
          minmay_indecisive_spiral
D:2:      layout_basic, basic_altar, serial_co_window_serial, co_window_paths_b,
          co_window_of_opportunity_a, co_window_corner_a, co_window_paths_a,
          co_window_of_opportunity_a, co_window_of_opportunity_a,
          co_window_paths_a, co_window_corner_b, co_window_paths_c,
          co_window_broadway_b, co_window_corner_cb, co_window_2corner,
          co_window_unsneaky_path_a, co_window_corner_cb, glass_columns_a,
          uniq_natasha, uniq_sigmund
D:3:      cheibrodos_fertilizer, layout_rooms,
          mainiacjoe_overflow_small_starburst, mainiacjoe_overflow_alcove_2,
          uniq_robin
D:4:      layout_basic, nemelex_dance_club_becter,
          minmay_temple_entry_sparse_star, cheibrodos_sewer_entry_drain,
          serial_shops, kennysheep_mini_moat, minmay_misc_feat_encased
D:5:      layout_basic, tso_oasis_becter, kennysheep_mini,
          kennysheep_small_square
D:6:      layout_basic, mainiacjoe_overflow_brackets,
          nicolae_concentric_dashed_squares_mild, uniq_edmund
D:7:      layout_rooms, chequers_serial_rivers_micro_e
D:8:      layout_loops_cross, grunt_gozag_statues, elyvilon_altar_4,
          minmay_manual_moon
Temple:   compressed_dpeg_triangle_lava_temple

Skill      XL: |  1  2  3  4  5  6  7  8  9 10 |
---------------+-------------------------------+-----
Axes           | 3 4 5 6 7 8 9 |  9.0
Fighting       | 4 5 6 7 8 |  8.7
Shields        | 4 5 6 7 8 |  8.0
Armour         | 4 5 6 7 |  7.9
Invocations    | 2 4 6 7 |  7.0

Action                   |  1- 3 |  4- 6 |  7- 9 | 10-12 || total
-------------------------+-------+-------+-------+-------++-------
Melee: War axe           |    72 |   105 |   285 |    67 ||   529
  Use: Scroll            |       |       |    18 |       ||    18
Armor: Scale mail        |    27 |     1 |       |       ||    28
       Chain mail        |       |    69 |   186 |       ||   255
       Plate armour      |       |       |    17 |    21 ||    38
Dodge: Dodged            |    33 |    52 |   127 |    10 ||   222
Block: Buckler           |    13 |    33 |   112 |    12 ||   170

Table legend: (Time is in decaauts)
 A = Elapsed time spent in this place.
 B = Non-inter-level travel time spent in this place.
 C = Inter-level travel time spent in this place.
 D = Time resting spent in this place.
 E = Time spent auto-exploring this place.
 F = Levels seen in this place.
 G = Mean time per level.
                   A        B        C        D        E       F      G
               +--------+--------+--------+--------+--------+-----+--------+
         Total |  10072 |   9844 |    228 |   2857 |   5478 |   9 | 1119.1 |
       Dungeon |   9741 |   9526 |    215 |   2857 |   5224 |   8 | 1217.6 |
        Temple |    330 |    317 |     13 |      0 |    254 |   1 |  330.0 |
               +--------+--------+--------+--------+--------+-----+--------+

Top non-repeatable levels by time:
     D:3: 1669 daAuts
     D:2: 1618 daAuts
     D:6: 1604 daAuts
     D:7: 1550 daAuts
     D:5: 1209 daAuts
     D:4: 936 daAuts
     D:1: 782 daAuts
     D:8: 371 daAuts
  Temple: 330 daAuts
